 Dungeon Crawl Stone Soup version 0.28-a0-794-gafe8c5f9e9 (webtiles) character file.

Game seed: 10340175577453950832

99 croobank the Chopper (level 4, -7/41 HPs)
             Began as a Minotaur Berserker on Nov 6, 2021.
             Was a Priest of Trog.
             Killed from afar by an orc wizard (11 damage)
             ... with a puff of flame
             ... on level 3 of the Dungeon.
             The game lasted 00:12:15 (2118 turns).

croobank the Chopper (Minotaur Berserker)           Turns: 2118, Time: 00:12:15

Health: -7/41      AC:  8    Str: 23    XL:     4   Next: 45%
Magic:  3/3        EV: 11    Int:  4    God:    Trog [***...]
Gold:   116        SH:  0    Dex:  9    Spells: 3/3 levels left

rFire   . . .      SeeInvis .   a - +2 hand axe
rCold   . . .      Faith    .   (no shield)
rNeg    . . .      Spirit   .   d - +0 ring mail
rPois   .          Reflect  .   (helmet restricted)
rElec   .          Harm     .   c - +2 cloak
rCorr   .          Rampage  .   (no gloves)
Will    .....                   (no boots)
Stlth   ..........              (no amulet)
HPRegen 0.13/turn               (no ring)
MPRegen 0.08/turn               (no ring)

@: no status effects
A: horns 2, retaliatory headbutt
a: Renounce Religion, Berserk, Trog's Hand


You were on level 3 of the Dungeon.
You worshipped Trog.
Trog was most pleased with you.
You visited 1 branch of the dungeon, and saw 3 of its levels.

You collected 116 gold pieces.

Inventory:

Hand Weapons
 a - a +2 hand axe (weapon)
 h - a +0 short sword of protection
Missiles
 g - 2 atropa-tipped darts
 i - 48 stones (quivered)
 l - 20 bolts
 n - 14 poisoned darts
Armour
 b - a +0 animal skin
 c - a +2 cloak (worn)
 d - a +0 ring mail (worn)
 m - a +0 chain mail
 o - a +0 scale mail
Scrolls
 p - a scroll of amnesia {unknown}
 q - a scroll of holy word {unknown}
Potions
 e - a potion of ambrosia
 f - a potion of heal wounds {unknown}
 j - 2 potions of degeneration
 k - a potion of might {unknown}


   Skills:
 + Level 4.6 Fighting
 + Level 5.1 Axes
 + Level 2.7 Armour
 + Level 2.8 Dodging
 + Level 0.1 Stealth


You had 3 spell levels left.
You didn't know any spells.
Your spell library contained the following spells:

 Spells                   Type           Power      Damage    Failure   Level
 Sandblast                Erth           0%         2d4       65%         1
 Passwall                 Tmut/Erth      0%         N/A       80%         2
 Sublimation of Blood     Necr           0%         N/A       80%         2
 Wereblood                Tmut           0%         N/A       80%         2
 Stone Arrow              Conj/Erth      0%         3d7       95%         3
 Summon Hydra             Summ           0%         N/A       100%        7


Dungeon Overview and Level Annotations

Branches:
Dungeon (3/15)

Altars:


Innate Abilities, Weirdness & Mutations

You have a pair of horns on your head.
You reflexively headbutt those who attack you in melee.


Message History

An orc comes into view. It is wielding a +0 short sword.
The orc priest looks braver for a moment.
You barely miss the orc.
The orc shouts!
You headbutt the orc!
You kill the orc!
Trog accepts your kill.
You slash the orc!
You kill the orc!
Trog accepts your kill.
The orc priest begins to cast a cantrip, but forgets the words!
You hit the orc.
The orc is lightly wounded.
The orc completely misses you.
You hit the orc. You headbutt the orc.
You kill the orc!
Trog accepts your kill.
You barely miss the orc. Your headbutt misses the orc.
An orc wizard comes into view. It is wielding a +0 dagger.
The orc hits you but does no damage.
You hit the orc wizard. You headbutt the orc wizard!
The orc wizard is severely wounded.
You barely miss the orc. You slash the orc!
You kill the orc!
Trog accepts your kill.
The orc priest calls down the wrath of Beogh upon you.
Beogh smites you!
* * * LOW HITPOINT WARNING * * *
The orc wizard casts a spell at you. The magic dart hits you.
* * * LOW HITPOINT WARNING * * *
The orc misses you. You furiously retaliate!
You headbutt the orc.
An orc wizard comes into view. It is wielding a +0 dagger.
The orc wizard shouts!
The orc wizard hits you but does no damage.
Things that are here:
a +0 hand axe; a +0 scale mail The orc wizard gestures at you while chanting.
The puff of flame hits you!
You die...

.....................
#..#......<.............
#..#....................
#............##......... #
#............##........#
#.#.............#..#..#.##
...................#..#.##
................##.#..#.##
.......o.@.......#........
.......oo.................
..o..#.#o....#..#......##
.#.. #o#.....#..#......#.
# #.................#.
#....#......#.....#.
#...........#.....#.
#....##.....#.......
........##.....##....#.


You could see 2 orc priests, 2 orc wizards and 2 orcs.

Vanquished Creatures
  3 adders (D:2)
  A dart slug (D:3)
  5 orcs (D:3)
  3 ball pythons
  8 endoplasms
  2 giant cockroaches
  3 hobgoblins (D:2)
  4 quokkas
  5 bats
  6 frilled lizards
  3 goblins
  4 kobolds
  21 rats
68 creatures vanquished.

Notes
Turn   | Place    | Note
-------+----------+-------------------------------------------
     0 | D:1      | croobank the Minotaur Berserker began the quest for the
                  | Orb.
     0 | D:1      | Reached XP level 1. HP: 19/19 MP: 0/0
    39 | D:1      | Found a faded altar of an unknown god.
   360 | D:1      | Reached XP level 2. HP: 23/27 MP: 1/1
   458 | D:1      | Reached skill level 4 in Axes
  1055 | D:2      | Reached ** piety under Trog
  1056 | D:2      | Reached XP level 3. HP: 32/33 MP: 2/2
  1647 | D:2      | Reached XP level 4. HP: 38/41 MP: 3/3
  1940 | D:3      | Reached skill level 5 in Axes
  2116 | D:3      | Reached *** piety under Trog
  2118 | D:3      | Killed from afar by an orc wizard

Illustrated notes

Levels and vault maps discovered:
D:1:      lemuel_arrival_behind_the_door_small, layout_loops_corners,
          ebering_ecumenical_altar_sacrificial
D:2:      layout_loops_ring, minmay_rat_hole
D:3:      layout_basic

Skill      XL: |  1  2  3  4 |
---------------+-------------+-----
Fighting       | 4 |  4.6
Axes           | 4 5 |  5.1
Armour         | |  2.7
Dodging        | |  2.8
Stealth        | |  0.1

Action                   |  1- 3 |  4- 6 || total
-------------------------+-------+-------++-------
Melee: Hand axe          |    87 |    20 ||   107
       Headbutt          |    13 |     4 ||    17
Throw: Dart              |       |     2 ||     2
  Use: Scroll            |     5 |       ||     5
Armor: Animal skin       |     5 |       ||     5
       Ring mail         |    12 |     8 ||    20
Dodge: Dodged            |    42 |     5 ||    47

Table legend: (Time is in decaauts)
 A = Elapsed time spent in this place.
 B = Non-inter-level travel time spent in this place.
 C = Inter-level travel time spent in this place.
 D = Time resting spent in this place.
 E = Time spent auto-exploring this place.
 F = Levels seen in this place.
 G = Mean time per level.
                   A        B        C        D        E       F      G
               +--------+--------+--------+--------+--------+-----+--------+
         Total |   2124 |   2047 |     77 |      0 |   1531 |   3 |  708.0 |
       Dungeon |   2124 |   2047 |     77 |      0 |   1531 |   3 |  708.0 |
               +--------+--------+--------+--------+--------+-----+--------+

Top non-repeatable levels by time:
     D:1: 969 daAuts
     D:2: 908 daAuts
     D:3: 246 daAuts
